 Dungeon Crawl Stone Soup version 0.28.0-47-ge53b351184 (webtiles) character file.

Game seed: 12261824660924283051

4260 101zpm the Thaumaturge (level 10, -12/63 HPs)
             Began as a Djinni Fire Elementalist on Apr 30, 2022.
             Killed from afar by an orc (25 damage)
             ... with an iceblast
             ... on level 9 of the Dungeon.
             The game lasted 00:23:29 (10517 turns).

101zpm the Thaumaturge (Djinni Fire Elementalist)  Turns: 10517, Time: 00:23:30

Health: -12/63     AC:  4    Str:  9    XL:     10   Next: 56%
Gold:   257        EV: 13    Int: 21    God:
                   SH:  0    Dex: 14

rFire   + + .      SeeInvis +   p - +9 spear of Mymeul {freeze, Str+2 SInv}
rCold   x . .      Faith    .   (no shield)
rNeg    . . .      Spirit   .   a - +0 robe
rPois   ∞          Reflect  .   (no helmet)
rElec   .          Harm     .   z - scarf {repulsion}
rCorr   .          Rampage  .   x - +1 pair of gloves
Will    +....                   (boots unavailable)
Stlth   +++.......              (no amulet)
HPRegen 0.20/turn               (no ring)
MPRegen 0.00/turn               (no ring)

@: flying, repel missiles
A: sickness immunity, fire resistance 2, cold vulnerability 1, float, innate
caster, HP casting, extra vitality 1
a: no special abilities


You were on level 9 of the Dungeon.
You visited 1 branch of the dungeon, and saw 8 of its levels.

You collected 257 gold pieces.

Inventory:

Hand Weapons
 p - the +9 spear of Mymeul (weapon) {freeze, Str+2 SInv}
   (You found it on level 5 of the Dungeon)

   It freezes those it strikes, dealing additional cold damage.
   It can also slow down cold-blooded creatures.
   Str:       It affects your strength (+2).
   SInv:      It lets you see invisible.
 y - a +2 mace of holy wrath
 C - the +7 whip "Sadic" {vorpal, Fragile rC++ Str+3}
   (You took it off a gnoll sergeant on level 8 of the Dungeon)

   It inflicts extra damage upon your enemies.
   Str:       It affects your strength (+3).
   rC:        It greatly protects you from cold.
   Fragile:   It will be destroyed if unequipped.
Missiles
 k - 4 throwing nets
Armour
 a - a +0 robe (worn)
 x - a +1 pair of gloves (worn)
 z - a scarf of repulsion (worn)
Wands
 d - a wand of flame (25)
 t - a wand of iceblast (8)
 u - a wand of polymorph (11)
 A - a wand of charming (4)
Scrolls
 b - 2 scrolls of identify
 h - 2 scrolls of immolation
 i - 3 scrolls of teleportation
 j - 4 scrolls of fear
 m - a scroll of blinking
 o - a scroll of enchant armour
 r - a scroll of magic mapping {unknown}
 B - a scroll of amnesia {unknown}
Potions
 c - 3 potions of resistance {unknown}
 e - 2 potions of attraction {unknown}
 f - a potion of invisibility {unknown}
 g - a potion of flight {unknown}
 l - a potion of magic {unknown}
 n - 2 potions of might {unknown}
 q - 2 potions of brilliance {unknown}
 s - 4 potions of curing {unknown}
 v - a potion of haste {unknown}
 w - a potion of cancellation {unknown}


   Skills:
 + Level 1.6 Fighting
 + Level 1.6 Polearms
 + Level 3.9 Dodging
 + Level 4.0 Stealth
 + Level 10.7 Spellcasting


You had 8 spell levels left.
You knew the following spells:

 Your Spells              Type           Power      Damage    Failure   Level
a - Foxfire               Conj/Fire      100%       2x1d9     1%          1
b - Scorch                Fire           100%       2d10      1%          2
c - Conjure Flame         Conj/Fire      54%        6-21      1%          3
d - Inner Flame           Hex/Fire       54%        N/A       1%          3
e - Flame Wave            Conj/Fire      54%        2d11      1%          4
f - Shock                 Conj/Air       100%       1d9       1%          1
g - Corpse Rot            Necr/Air       100%       N/A       1%          2
h - Wereblood             Tmut           54%        N/A       1%          2
i - Passage of Golubria   Tloc           54%        N/A       1%          4
Your spell library was empty.

Dungeon Overview and Level Annotations

Branches:
Dungeon (9/15)             Temple (0/1) D:6
   Lair: D:8-11         Orc: D:9-12

Altars:
Nemelex Xobeh
Ru
Trog
Yredelemnul

Annotations:
D:5 1 runed translucent door


Innate Abilities, Weirdness & Mutations

You are immune to sickness and miasma.
You are immune to poison.
Your flesh is very heat resistant. (rF++)
You are vulnerable to cold. (rC-)
You float through the air rather than walking.
You learn spells naturally, not from books.
Your magical power is your life essence.
You have superior vitality. (+4 MHP)


Message History

The orc is almost dead.
The orc's fire resistance burns away.
You are engulfed in blazing flames.
You resist.
Casting: Scorch (safe; 1% risk of failure)
Confirm with . or Enter, or press ? or * to list all spells.
Flames lash the orc.
The orc is burned terribly!
You kill the orc!
You are engulfed in blazing flames.
You resist.
You start resting.
An orc comes into view.
It is wielding a +0 flail and carrying a wand of iceblast (3).
You are too injured to fight recklessly!
Casting: Foxfire (safe; 1% risk of failure)
Press: ? - help, Q - select action, (/) - cycle Dir - look around, f - activate You conjure some foxfire!
The orc zaps a wand.
The mass of ice explodes!
The iceblast engulfs your foxfire! The iceblast engulfs you!
You feel a painful chill!
* * * LOW HITPOINT WARNING * * *
You hear a roar!
Casting: Foxfire (safe; 1% risk of failure)
Confirm with . or Enter, or press ? or * to list all spells.
Aiming: Shock (safe; 1% risk of failure)
Press: ? - help, Shift-Dir - straight line Really fire in your foxfire's direction? [Y]es or [N]o only, please.
Really fire in your foxfire's direction? [Y]es or [N]o only, please.
Really fire in your foxfire's direction?
Okay, then.
Casting: Shock (safe; 1% risk of failure)
Confirm with . or Enter, or press ? or * to list all spells.
Aiming: Inner Flame (safe; 1% risk of failure)
Press: ? - help, Dir - move target, f - orc
Aim: an orc, wielding a +0 flail, wearing a +0 ring mail and carrying a wand of iceblast (2) (ally target, chance to affect: 99%)
The orc is filled with an inner flame.
* * * LOW HITPOINT WARNING * * *
The foxfire hits the orc but does no damage.
The orc zaps a wand.
The mass of ice explodes!
The iceblast engulfs you!!
You feel a painful chill!
You die...

................#
.
.######.####.##.#
.# #.# #.##.###
'## #.# #.......
#)) #.# ####.###
#.8 #.# #.... #..
#.### #####
###o#########...#
#...
#...)○§☼@v....#.#
#.##
#.#.############.#
#.# # #.# #.# #.#
#.# #.######.#
#.....##.##
#####......
.....>.....##
############


You could see an orc (inner flame, ally target).

Vanquished Creatures
  Harold (D:8)
  A two-headed ogre (D:8)
  A centaur zombie (D:7)
  3 yaks (D:8)
  A steam dragon (D:6)
  Menkaure (D:7)
  3 water moccasins
  An orc warrior (D:9)
  A necrophage (D:5)
  2 ogres (D:5)
  A centaur (D:5)
  2 bullfrogs
  A gnoll sergeant (D:8)
  2 scorpions (D:6)
  A wyvern skeleton (D:6)
  6 howler monkeys
  A hound (D:6)
  A gnoll shaman (D:9)
  3 orc priests
  2 centaur skeletons
  4 orc wizards
  Natasha (thrice) (D:2)
  A killer bee zombie (D:5)
  A howler monkey zombie (D:8)
  13 gnolls
  7 adders
  A shadow imp (D:7)
  A white imp (D:7)
  2 ufetubi
  3 worms
  A dart slug (D:5)
  54 orcs
  4 bats
  4 endoplasms
  4 giant cockroaches (D:2)
  2 goblins (D:3)
  6 hobgoblins
  A quokka (D:2)
  2 ball pythons
  3 frilled lizards
  2 kobolds
  A kobold zombie (D:5)
  A rat (D:2)
156 creatures vanquished.

Vanquished Creatures (others)
  914 foxfires
914 creatures vanquished.

Grand Total: 1070 creatures vanquished

Notes
Turn   | Place    | Note
-------+----------+-------------------------------------------
     0 | D:1      | 101zpm the Djinni Fire Elementalist began the quest for the
                  | Orb.
     0 | D:1      | Reached XP level 1. HP: 15/15 MP: 0/0
     8 | D:2      | Noticed Natasha
    13 | D:2      | Killed Natasha
    14 | D:2      | Reached skill level 3 in Spellcasting
    14 | D:2      | Reached XP level 2. HP: 14/21 MP: 0/0
    14 | D:2      | Reached XP level 3. HP: 17/25 MP: 0/0
    14 | D:2      | Learned a level 1 spell: Shock
   623 | D:2      | Noticed Natasha
   628 | D:2      | Killed Natasha
   629 | D:2      | Reached XP level 4. HP: 24/31 MP: 0/0
  1167 | D:2      | Noticed Natasha
  1172 | D:2      | Killed Natasha
  1500 | D:2      | Found a faded altar of an unknown god.
  1643 | D:2      | Reached XP level 5. HP: 34/35 MP: 0/0
  1643 | D:2      | Learned a level 2 spell: Corpse Rot
  1907 | D:3      | Found a sparkling altar of Nemelex Xobeh.
  1970 | D:3      | Reached skill level 4 in Spellcasting
  3090 | D:3      | Reached XP level 6. HP: 19/40 MP: 0/0
  3918 | D:3      | You are sucked into a shaft and drop 2 floors!
  3918 | D:5      | Entered Level 5 of the Dungeon
  3935 | D:5      | Noticed a water moccasin
  3937 | D:5      | Killed a water moccasin
  3938 | D:5      | Reached skill level 5 in Spellcasting
  4322 | D:5      | Reached XP level 7. HP: 34/45 MP: 0/0
  4322 | D:5      | Learned a level 2 spell: Wereblood
  4554 | D:5      | Reached skill level 6 in Spellcasting
  4914 | D:5      | Found a runed translucent door.
  4914 | D:5      | Noticed a human
  4927 | D:5      | Reached XP level 8. HP: 23/51 MP: 0/0
  5093 | D:5      | Found a basalt altar of Yredelemnul.
  5402 | D:5      | Identified the +9 spear of Mymeul {freeze, Str+2 SInv}
  5729 | D:6      | Found a staircase to the Ecumenical Temple.
  6126 | D:6      | Reached skill level 7 in Spellcasting
  6917 | D:7      | Noticed Menkaure
  6921 | D:7      | Killed Menkaure
  6922 | D:7      | Reached XP level 9. HP: 53/56 MP: 0/0
  6922 | D:7      | Learned a level 4 spell: Passage of Golubria
  7180 | D:7      | Found a sacrificial altar of Ru.
  7304 | D:7      | Reached skill level 8 in Spellcasting
  7404 | D:7      | Reached skill level 1 in Polearms
  8368 | D:8      | Noticed Harold
  8375 | D:8      | Killed Harold
  8376 | D:8      | Reached skill level 1 in Fighting
  8376 | D:8      | Reached skill level 9 in Spellcasting
  8518 | D:8      | Noticed a two-headed ogre
  8528 | D:8      | Identified the +7 whip "Sadic" {vorpal, Fragile rC++ Str+3}
  8531 | D:8      | Killed a two-headed ogre
  8532 | D:8      | Reached XP level 10. HP: 32/62 MP: 0/0
  8537 | D:8      | Reached skill level 10 in Spellcasting
  9308 | D:8      | Found a bloodstained altar of Trog.
 10517 | D:9      | Killed from afar by an orc

Illustrated notes

Levels and vault maps discovered:
D:1:      ebering_trefoil_twist, layout_basic, item_on_display_a
D:2:      layout_rooms, chequers_ecumenical_altar_twisty,
          hangedman_feature_mirror, uniq_natasha
D:3:      layout_loops_cross, nemelex_xobeh_ov_fountains_minmay
D:5:      layout_loops_ring, dk_yredelemnul_ordeal, kennysheep_potato
D:6:      layout_basic, temple_green
D:7:      layout_basic, mainiacjoe_overflow_surrounded_room, uniq_menkaure
D:8:      layout_rooms, mainiacjoe_overflow_24_doors, minmay_misc_feat_iff,
          minmay_misc_feat_pillars, uniq_harold
D:9:      layout_loops_ring, hiddenorc2_lemuel

Skill      XL: |  1  2  3  4  5  6  7  8  9 10 |
---------------+-------------------------------+-----
Spellcasting   | 3 4 5 6 7 9 10 | 10.7
Stealth        | 2 3 4 |  4.0
Dodging        | 3 |  3.9
Polearms       | 1 |  1.6
Fighting       | 1 |  1.6

Action                   |  1- 3 |  4- 6 |  7- 9 | 10-12 || total
-------------------------+-------+-------+-------+-------++-------
Melee: Spear             |       |       |     7 |     2 ||     9
       Punch             |       |       |     1 |       ||     1
 Cast: Foxfire           |    43 |   231 |   201 |    92 ||   567
       Scorch            |       |     1 |     4 |     4 ||     9
       Inner Flame       |       |     6 |    26 |    49 ||    81
       Shock             |       |       |     2 |       ||     2
       Corpse Rot        |       |       |     1 |       ||     1
       Passage of Golubr |       |       |       |     1 ||     1
  Use: Scroll            |       |       |       |     5 ||     5
Armor: Robe              |       |     1 |     5 |     3 ||     9
Dodge: Dodged            |     1 |    11 |    18 |    11 ||    41
